 Dungeon Crawl Stone Soup version 0.24-a0-41-gf098211c9e (webtiles) character file.

Game seed: 5896428663100005977

210664 MirrMurr the Unseen (level 18, -20/98 HPs)
             Began as a Spriggan Enchanter on Jan 30, 2019.
             Was the Champion of Fedhas.
             Killed from afar by a merfolk aquamancer (46 damage)
             ... with a torrent of water
             ... on level 4 of the Shoals on Feb 3, 2019.
             The game lasted 03:10:41 (49501 turns).

MirrMurr the Unseen (Spriggan Enchanter)           Turns: 49501, Time: 03:10:42

Health: -20/98     AC: 17    Str:  8    XL:     18   Next: 19%
Magic:  34/34      EV: 33    Int: 20    God:    Fedhas [******]
Gold:   429        SH:  9    Dex: 17    Spells: 8/40 levels left

rFire    + + .     SeeInvis +   a - +4 dagger (venom)
rCold    + . .     Gourm    .   Q - +1 buckler {rPois}
rNeg     . . .     Faith    .   y - +5 steam dragon scales
rPois    +         Spirit   .   E - +2 hat
rElec    .         Reflect  .   t - scarf {rC+ rF+}
rCorr    .         Harm     .   (gloves unavailable)
MR       ++++.                  (boots unavailable)
Stlth    ++++++++..             M - amulet "Doedaubb" {RegenMP +Fly rF+ Slay+2}
HPRegen  0.26/turn              F - ring of protection from magic
MPRegen  0.49/turn              N - +5 ring of protection

@: confusing touch, very slightly contaminated, lightly drained, very quick
A: very small, unfitting armour, see invisible, herbivore, speed 3, slow
metabolism 2
}: 1/15 runes: gossamer
a: Fungal Bloom, Sunlight, Evolution, Growth, Reproduction, Rain, Renounce
Religion, Evoke Flight


You were on level 4 of the Shoals.
You worshipped Fedhas.
Fedhas was exalted by your worship.
You were not hungry.

You visited 5 branches of the dungeon, and saw 31 of its levels.
You also visited: Sewer and Bailey.

You collected 3131 gold pieces.
You spent 2702 gold pieces at shops.

Inventory:

Hand Weapons
 a - a +4 dagger of venom (weapon)
 b - the +5 hunting sling "Poimuan" {velocity, Str+5}
   (You found it on level 8 of the Dungeon)

   Any stone fired from it inflicts extra damage.
   It affects your strength (+5).
 q - a +0 blowgun
 w - a +5 demon blade
 K - a +2 rapier of electrocution
Missiles
 d - 8 throwing nets {!f}
 f - 1100 stones (quivered)
 k - 133 poisoned needles
 n - 164 sling bullets
Armour
 t - a scarf of resistance (worn)
 y - +5 steam dragon scales (worn)
 E - a +2 hat (worn)
 Q - a +1 buckler of poison resistance (worn)
Jewellery
 x - an uncursed ring of ice
 F - a ring of protection from magic (left hand)
 M - the amulet "Doedaubb" (around neck) {RegenMP +Fly rF+ Slay+2}
   (You bought it in a shop on level 2 of the Orcish Mines)

   [amulet of magic regeneration]

   It increases your magic regeneration.
   It affects your accuracy and damage with ranged weapons and melee attacks
   (+2).
   It protects you from fire.
   It lets you fly.
 N - a +5 ring of protection (right hand)
 Y - an uncursed ring of positive energy
Wands
 m - a wand of digging (3)
 B - a wand of iceblast (12)
 P - a wand of clouds (7)
 R - a wand of paralysis (20)
Scrolls
 e - 8 scrolls of magic mapping
 i - 6 scrolls of identify
 l - 14 scrolls of teleportation
 r - 11 scrolls of remove curse
 z - 5 scrolls of fear
 C - 4 scrolls of blinking
 I - 4 scrolls of summoning
 S - 2 scrolls of silence
 U - 3 scrolls of enchant armour
 W - 3 scrolls of fog
Potions
 g - 4 potions of haste
 h - 3 potions of invisibility
 j - 5 potions of berserk rage
 o - 6 potions of might
 p - 2 potions of mutation
 u - 4 potions of agility
 v - 2 potions of heal wounds
 D - 2 potions of resistance
 H - 12 potions of curing
 J - 2 potions of flight
 L - 3 potions of magic
 T - 2 potions of ambrosia
 V - a potion of brilliance
Miscellaneous
 A - a crystal ball of energy
 G - a fan of gales
Comestibles
 c - 29 rations


   Skills:
 + Level 11.8(11.5) Fighting
 - Level 10.0(10.3) Short Blades
 - Level 4.4(6.3) Long Blades
 + Level 17.9(17.5) Dodging
 + Level 20.6(20.2) Stealth
 - Level 7.2(6.9) Shields
 * Level 11.6(11.3) Spellcasting
 - Level 5.0(4.8) Conjurations
 - Level 12.0(11.6) Hexes
 + Level 1.7(1.5) Summonings
 - Level 8.0(7.7) Translocations
 - Level 6.0(5.7) Transmutations
 - Level 4.9(4.6) Earth Magic


You had 8 spell levels left.
You knew the following spells:

 Your Spells              Type           Power        Failure   Level  Hunger
a - Ensorcelled Hibernat  Hex/Ice        ####..       1%          2    None
b - Confuse               Hex            ######..     1%          3    None
c - Tukima's Dance        Hex            ######..     1%          3    None
d - Dazzling Spray        Conj/Hex       #####.       1%          3    None
e - Summon Mana Viper     Hex/Summ       #####...     11%         5    ####...
g - Passage of Golubria   Tloc           N/A          2%          4    ##.....
i - Invisibility          Hex            ######..     8%          6    ######.
m - Confusing Touch       Hex            ######       1%          1    None
p - Passwall              Tmut/Erth      ####....     1%          2    None
A - Apportation           Tloc           #####.       1%          1    None
B - Blink                 Tloc           N/A          1%          2    None

Your spell library contained the following spells:

 Spells                   Type           Power        Failure   Level  Hunger
 Corona                   Hex            ######.      1%          1    None
 Sandblast                Erth           ####..       1%          1    None
 Shroud of Golubria       Chrm/Tloc      ####......   1%          2    None
 Slow                     Hex            ######..     1%          2    None
 Inner Flame              Hex/Fire       ####....     1%          3    None
 Portal Projectile        Hex/Tloc       ######       1%          3    None
 Spectral Weapon          Hex/Chrm       ####....     1%          3    None
 Cause Fear               Hex            ######....   1%          4    ##.....
 Recall                   Summ/Tloc      N/A          2%          3    None
 Stone Arrow              Conj/Erth      ####..       2%          3    None
 Leda's Liquefaction      Hex/Erth       #####.....   2%          4    ##.....
 Summon Small Mammal      Summ           ###.         3%          1    None
 Animate Skeleton         Necr           N/A          6%          1    None
 Infusion                 Chrm           ##..         6%          1    None
 Conjure Flame            Conj/Fire      ###.....     7%          3    None
 Petrify                  Tmut/Erth      ####....     7%          4    ##.....
 Darkness                 Hex            ######....   8%          6    ######.
 Song of Slaying          Chrm           ##......     9%          2    None
 Sublimation of Blood     Necr           ##........   9%          2    None
 Swiftness                Chrm/Air       ##......     9%          2    None
 Ignite Poison            Fire/Tmut/Pois ###.....     9%          3    None
 Regeneration             Chrm/Necr      ##........   19%         3    None
 Irradiate                Conj/Tmut      ####......   19%         5    ####...
 Lee's Rapid Deconstruct  Erth           ####......   26%         5    ####...
 Summon Forest            Summ/Tloc      ####......   26%         5    ####...
 Bolt of Magma            Conj/Fire/Erth ###.......   43%         5    ####...
 Alistair's Intoxication  Tmut/Pois      ###.....     45%         5    ####...
 Fireball                 Conj/Fire      ###.......   54%         5    ####...
 Iskenderun's Battlesphe  Conj/Chrm      ###.....     54%         5    ####...
 Venom Bolt               Conj/Pois      ###.......   54%         5    ####...
 Aura of Abjuration       Summ           ###.......   65%         5    ####...
 Summon Demon             Summ           ###.......   65%         5    ####...
 Iron Shot                Conj/Erth      ####......   80%         6    ######.
 Bolt of Fire             Conj/Fire      ###.......   98%         6    ######.
 Shadow Creatures         Summ           N/A          99%         6    ######.
 Orb of Destruction       Conj           ####......   100%        7    #######
 Ring of Flames           Chrm/Fire      ##........   100%        7    #######
 Spellforged Servitor     Conj/Summ      ###.......   100%        7    #######
 Ignition                 Fire           ##........   100%        8    #######


Dungeon Overview and Level Annotations

Branches:
Dungeon (15/15)            Temple (0/1) D:7            Lair (6/6) D:9
 Shoals (4/4) Lair:3       Spider (4/4) Lair:3        Slime (0/5) Lair:5
    Orc (2/2) D:9             Elf (0/3) Orc:2        Vaults (0/5) D:13
 Depths (0/5) D:15

Altars:
Ashenzari
Cheibriados
Fedhas
Okawaru
Ru
Sif Muna
Trog
Uskayaw
Xom

Shops:
D:6 :   D:9 *   Orc:2 =:}=

Annotations:
D:3 2 runed translucent doors, Tarias's ghost, amateur GrEE
Shoals:1 exclusion: kraken
Shoals:3 exclusion: ice statue
Shoals:4 Polyphemus
Orc:1 3 runed translucent doors, rayg00n's ghost, journeyman OpWz
Orc:2 2 transporters, brucemayne's ghost, journeyman HOBe


Innate Abilities, Weirdness & Mutations

You are very small and have problems with some larger weapons.
You are too small for most types of armour.
You have supernaturally acute eyesight. (SInv)
You are a herbivore.
You cover ground extremely quickly.
You need to consume almost no food.


Message History

The ball of steam hits the merfolk impaler!!
You block the water nymph's attack.
The merfolk impaler is engulfed in a cloud of scalding steam.
The merfolk impaler misses you.
Unknown command.
The merfolk impaler is engulfed in a cloud of scalding steam.
The merfolk impaler closely misses you.
The merfolk aquamancer casts a spell at you.
The torrent of water misses you.
The wave splashes down.
You hear a shout! x3
Blink to where?
Press: ? - help, Dir - move target cursor
As you read the scroll of blinking, it crumbles to dust.
The merfolk impaler is engulfed in a cloud of scalding steam.
You flicker back into view.
Magic restored.
The merfolk aquamancer points at you and mumbles some strange words.
The torrent of water hits you!!!
You die...
Fedhas appreciates your contribution to the ecosystem.

≈≈≈≈≈≈≈≈≈≈≈≈≈≈≈≈≈≈≈
#≈#≈≈≈≈≈≈≈≈≈≈≈≈≈≈≈≈≈≈≈≈≈
####≈≈≈...≈≈....≈≈≈≈≈≈≈≈≈
###.......≈≈.≈≈≈≈≈≈≈≈≈≈
#≈......≈≈≈.≈≈≈≈≈≈≈≈≈≈≈
##≈...§...≈..≈≈≈≈≈≈≈≈≈≈≈
##≈...§mm.....≈≈≈≈≈≈≈≈≈≈≈ m#
#≈≈.≈≈≈m.......≈≈≈≈≈≈≈≈≈≈≈
m≈≈≈##≈≈≈≈≈m≈...@..≈≈≈≈≈≈≈≈≈≈≈
#≈≈##≈..≈≈.........≈≈≈≈≈≈≈≈≈≈
####≈≈≈.)≈...........≈≈≈≈≈≈≈≈≈
≈##≈≈≈................≈≈≈≈≈≈≈≈
.......................≈≈≈≈≈≈≈
.............##≈###≈.!.≈≈≈≈≈≈≈
........(....#######...≈≈≈≈≈≈≈
...........###.##≈.##≈.≈≈≈≈≈≈≈
....≈≈≈≈...##..≈≈≈..#..≈≈≈≈≈≈≈


You could see a merfolk impaler, 2 merfolk aquamancers and a water nymph.

Vanquished Creatures
  Arachne (Spider:2)
  8 emperor scorpions
  2 ghost moths (Spider:4)
  4 entropy weavers
  4 merfolk javelineers
  2 merfolk impalers (Shoals:4)
  2 merfolk avatars
  8 hydras
  An alligator snapping turtle (Shoals:2)
  A catoblepas (D:13)
  2 satyrs
  6 centaur warriors
  A merfolk aquamancer (Lair:3)
  6 two-headed ogres
  An orc high priest (Orc:2)
  4 death yaks
  Urug (Lair:3)
  Nergalle (Lair:3)
  An unseen horror (D:10)
  A wizard (D:13)
  8 sea snakes
  2 orc knights
  A harpy (shapeshifter) (D:15)
  An orb spider (shapeshifter) (D:15)
  14 orb spiders
  8 manticores
  A necromancer (D:13)
  A wolf spider (shapeshifter) (D:15)
  9 harpies
  17 wolf spiders
  7 orc sorcerers
  17 ugly things
  A moth of wrath (Spider:4)
  2 deep elf magi
  6 cyclopes
  11 fauns
  8 merfolk sirens
  2 torpor snails
  4 black mambas
  Joseph (Lair:1)
  4 water nymphs
  22 spiny frogs
  2 rime drakes (Lair:3)
  6 komodo dragons
  9 demonic crawlers
  4 kobold demonologists
  5 yaktaurs
  3 efreet
  A tengu conjurer (D:14)
  19 jumping spiders
  2 polar bears (shapeshifter) (D:15)
  7 hornets
  4 wind drakes
  9 trolls
  17 merfolk
  6 polar bears
  6 slime creatures
  4 tyrant leeches (Lair:6)
  2 snapping turtles
  18 blink frogs
  16 hippogriffs
  13 dream sheep
  40 tarantellas
  60 redbacks
  4 water elementals
  A redback (shapeshifter) (D:13)
  A tarantella (shapeshifter) (D:15)
  A wyvern (D:13)
  4 basilisks
  23 yaks
  7 vampire mosquitoes
  A wraith (D:13)
  2 wargs (D:9)
  A soldier ant (D:15)
  12 water moccasins
  A soldier ant (shapeshifter) (D:15)
  Duvessa (D:3)
  29 orc warriors
  8 porcupines
  4 sky beasts
  7 black bears
  3 phantoms
  An eye of draining (D:12)
  11 wolves
  10 ogres
  19 centaurs
  16 crocodiles
  8 big kobolds
  3 wandering mushrooms
  30 bullfrogs
  7 earth elementals (D:13)
  A gnoll sergeant (D:10)
  Dowan (D:3)
  A wyvern skeleton (D:10)
  7 scorpions
  A water moccasin skeleton (D:4)
  7 killer bees
  9 wights
  2 howler monkeys (D:13)
  6 electric eels
  3 centaur zombies
  3 crimson imps
  A bullfrog zombie (D:7)
  A jelly (D:8)
  2 bullfrog skeletons
  20 orc priests
  4 centaur skeletons
  7 hounds
  34 orc wizards
  An iguana (D:8)
  8 worker ants
  A hound zombie (D:5)
  A howler monkey skeleton (D:4)
  9 gnolls
  9 adders
  2 river rats (D:6)
  5 shadow imps
  3 oozes
  4 worms
  A dart slug (D:5)
  10 leopard geckos
  80 orcs
  5 giant cockroaches
  11 hobgoblins
  3 jackals (D:11)
  39 kobolds
  5 quokkas
  5 ball pythons
  8 bats
  2 frilled lizards (Sewer)
  5 goblins
  A leopard gecko skeleton (D:6)
  9 rats
1009 creatures vanquished.

Vanquished Creatures (collateral kills)
  A catoblepas (Lair:5)
  A glowing orange brain (D:15)
  A harpy (Shoals:1)
  A wolf spider (Spider:4)
  3 spiny frogs (Lair:6)
  A merfolk (Shoals:2)
  A jumping spider (Spider:1)
  7 blink frogs (Lair:6)
  A polar bear (Lair:1)
  A dream sheep (Lair:5)
  2 tarantellas
  2 redbacks (Spider:1)
  A water elemental (Lair:3)
  A steam dragon (D:7)
  3 yaks
  2 vampire mosquitoes
  3 black bears (Lair:1)
  5 orc warriors
  2 porcupines (D:9)
  A wolf (Lair:3)
  An ogre (D:6)
  A crocodile (Lair:6)
  A big kobold (D:15)
  7 bullfrogs
  4 killer bees
  A wight (D:12)
  A hound (D:9)
  2 orc priests
  4 orc wizards
  A gnoll (D:10)
  7 orcs
  A goblin (D:9)
  2 kobolds (D:8)
73 creatures vanquished.

Vanquished Creatures (others)
  An ugly thing (D:14)
  2 dancing weapons
  43 wandering mushrooms
  A sky beast (D:7)
  An electric eel (Spider:3)
  An orc priest (Orc:2)
  2 orc wizards (Orc:2)
  An orc (Orc:2)
  A kobold (D:6)
  30 fungi
  66 plants
  983 toadstools
1132 creatures vanquished.

Grand Total: 2214 creatures vanquished

Notes
Turn   | Place    | Note
-------+----------+-------------------------------------------
     0 | D:1      | MirrMurr the Spriggan Enchanter began the quest for the
                  | Orb.
     0 | D:1      | Reached XP level 1. HP: 9/9 MP: 5/5
   469 | D:1      | Reached skill level 5 in Stealth
   469 | D:1      | Reached XP level 2. HP: 13/13 MP: 6/6
   473 | D:1      | Learned a level 2 spell: Ensorcelled Hibernation
  1811 | D:2      | Reached XP level 3. HP: 16/16 MP: 8/8
  1816 | D:2      | Learned a level 3 spell: Confuse
  2010 | D:2      | Reached skill level 6 in Stealth
  2654 | D:3      | Reached XP level 4. HP: 21/21 MP: 9/9
  2736 | D:3      | Found a large runed translucent door.
  2738 | D:3      | Found a large runed translucent door.
  2740 | D:3      | Noticed Tarias's ghost (amateur GrEE)
  2818 | D:3      | Found a blossoming altar of Fedhas.
  2850 | D:3      | Found a faded altar of an unknown god.
  2927 | D:3      | Found a blossoming altar of Fedhas.
  2927 | D:3      | Found a deep blue altar of Sif Muna.
  2994 | D:3      | Became a worshipper of Fedhas Madash
  2994 | D:3      | Reached * piety under Fedhas
  3942 | D:3      | Reached skill level 7 in Stealth
  3942 | D:3      | Reached XP level 5. HP: 24/24 MP: 5/10
  4739 | D:4      | Noticed Duvessa
  4740 | D:4      | Noticed Dowan
  4864 | D:3      | Learned a level 3 spell: Tukima's Dance
  5085 | D:3      | Killed Duvessa
  5124 | D:3      | Killed Dowan
  5124 | D:3      | Reached skill level 8 in Stealth
  5124 | D:3      | Reached XP level 6. HP: 26/28 MP: 3/11
  5217 | D:4      | Reached skill level 5 in Short Blades
  5784 | D:5      | Entered Level 5 of the Dungeon
  5791 | D:5      | Reached skill level 5 in Hexes
  5801 | D:5      | Reached XP level 7. HP: 32/32 MP: 8/13
  5802 | D:5      | Reached ** piety under Fedhas
  5963 | D:5      | Found a sacrificial altar of Ru.
  5963 | D:5      | Found a shattered altar of Ashenzari.
  6414 | D:5      | Found a shimmering altar of Xom.
  7068 | D:6      | Found a glowing drain.
  7090 | Sewer    | Entered a sewer
  8062 | D:6      | Reached XP level 8. HP: 28/37 MP: 15/15
  8217 | D:6      | Found Wopy's Book Boutique.
  8231 | D:6      | Bought a book of Cantrips for 260 gold pieces
  8233 | D:6      | Learned a level 1 spell: Confusing Touch
  8237 | D:6      | Learned a level 3 spell: Dazzling Spray
  8239 | D:6      | Learned a level 1 spell: Apportation
  8453 | D:6      | Reached skill level 1 in Fighting
  8783 | D:7      | Reached skill level 5 in Dodging
  9546 | D:7      | Found a staircase to the Ecumenical Temple.
 10199 | D:8      | Noticed a two-headed ogre
 10209 | D:8      | Killed a two-headed ogre
 10209 | D:8      | Reached skill level 10 in Stealth
 10209 | D:8      | Reached XP level 9. HP: 18/44 MP: 16/16
 10760 | D:8      | Found a snail-covered altar of Cheibriados.
 10924 | D:8      | Got an iridescent hunting sling
 10926 | D:8      | Identified the +5 hunting sling "Poimuan" {velocity, Str+5}
                  | (You found it on level 8 of the Dungeon)
 11170 | D:9      | Reached skill level 11 in Stealth
 11320 | D:9      | Found a staircase to the Lair.
 11371 | D:9      | Reached skill level 12 in Stealth
 11401 | D:9      | Found a hide-covered altar of Uskayaw.
 11631 | D:9      | Found Zupuodop's Assorted Antiques.
 11639 | D:9      | Bought a scroll labeled JACONUU SOIQ for 30 gold pieces
 11785 | D:9      | Reached XP level 10. HP: 37/49 MP: 9/17
 11787 | D:9      | Found a staircase to the Orcish Mines.
 11940 | D:9      | Reached *** piety under Fedhas
 12032 | D:10     | Entered Level 10 of the Dungeon
 12540 | D:10     | Noticed a two-headed ogre
 12551 | D:10     | Killed a two-headed ogre
 12551 | D:10     | Reached skill level 5 in Spellcasting
 12594 | D:10     | Noticed an unseen horror
 12599 | D:10     | Killed an unseen horror
 12703 | D:10     | Reached skill level 10 in Dodging
 13399 | D:11     | Reached **** piety under Fedhas
 13770 | Lair:1   | Entered Level 1 of the Lair of Beasts
 14110 | Lair:1   | Reached XP level 11. HP: 54/54 MP: 13/21
 14573 | Lair:1   | Noticed Joseph
 14580 | Lair:1   | Killed Joseph
 14711 | Lair:1   | Reached skill level 5 in Fighting
 14772 | Lair:1   | Reached skill level 10 in Hexes
 14972 | Lair:1   | Reached skill level 10 in Short Blades
 15946 | Lair:2   | Noticed a death yak
 15947 | Lair:2   | Noticed a death yak
 15954 | Lair:2   | Noticed a death yak
 16138 | Lair:2   | Killed a death yak
 16152 | Lair:2   | Killed a death yak
 16465 | Lair:2   | Killed a death yak
 16465 | Lair:2   | Reached XP level 12. HP: 45/65 MP: 18/22
 16662 | Lair:3   | Noticed a six-headed hydra
 17043 | Lair:3   | Noticed Nergalle
 17047 | Lair:3   | Killed Nergalle
 17062 | Lair:3   | Found a staircase to the Shoals.
 17093 | Lair:3   | Found a hole to the Spider Nest.
 17103 | Lair:3   | Reached ***** piety under Fedhas
 17105 | Lair:3   | Noticed Urug
 17123 | Lair:3   | Killed a six-headed hydra
 17123 | Lair:3   | Reached skill level 10 in Fighting
 17163 | Lair:3   | Killed Urug
 17163 | Lair:3   | Reached skill level 1 in Translocations
 18217 | Lair:4   | Reached skill level 13 in Stealth
 18379 | Lair:4   | Reached skill level 5 in Translocations
 18615 | Lair:4   | Noticed a four-headed hydra
 18644 | Lair:4   | Killed a four-headed hydra
 18809 | Lair:5   | Identified a scroll of acquirement
 18839 | Lair:5   | Noticed a catoblepas
 18861 | Lair:5   | Killed a catoblepas
 18861 | Lair:5   | Reached skill level 1 in Shields
 19469 | Lair:5   | Reached skill level 14 in Stealth
 19469 | Lair:5   | Reached XP level 13. HP: 72/72 MP: 14/23
 20196 | Lair:5   | Found a staircase to the Slime Pits.
 20241 | Lair:6   | Entered Level 6 of the Lair of Beasts
 20960 | Lair:6   | Reached skill level 15 in Stealth
 21237 | Lair:6   | Reached skill level 5 in Shields
 22020 | Lair:6   | Reached skill level 15 in Dodging
 23611 | D:12     | Reached skill level 1 in Conjurations
 23617 | D:12     | Reached ****** piety under Fedhas
 24216 | D:13     | Reached XP level 14. HP: 77/77 MP: 24/24
 24483 | D:12     | Reached skill level 16 in Stealth
 25043 | D:13     | Found a gate to the Vaults.
 26317 | D:13     | Identified the Papyrus of the Blaze and Displacement
 26327 | D:13     | Learned a level 2 spell: Blink
 26330 | D:13     | Learned a level 2 spell: Passwall
 26335 | D:13     | Learned a level 4 spell: Passage of Golubria
 27251 | D:14     | Reached skill level 17 in Stealth
 27520 | D:15     | Entered Level 15 of the Dungeon
 27955 | D:15     | Reached skill level 5 in Conjurations
 28120 | D:15     | Upgraded the game from 0.24-a0-3-g5a199981cb to
                  | 0.24-a0-7-g1bb0902669
 28683 | D:15     | Reached XP level 15. HP: 77/81 MP: 20/25
 28766 | D:15     | Found a staircase to the Depths.
 28923 | D:15     | Reached skill level 18 in Stealth
 29252 | Orc:1    | Entered Level 1 of the Orcish Mines
 29384 | Orc:1    | Found a flagged portal.
 29394 | Orc:1    | Found a runed translucent gate.
 29398 | Orc:1    | Found a runed translucent gate.
 29398 | Orc:1    | Found a runed translucent gate.
 29490 | Orc:1    | Noticed rayg00n's ghost (journeyman OpWz)
 29670 | Bailey   | Entered a bailey
 29861 | Bailey   | Reached skill level 1 in Transmutations
 30253 | Orc:1    | Found an iron altar of Okawaru.
 30309 | Orc:2    | Entered Level 2 of the Orcish Mines
 30315 | Orc:2    | Reached skill level 1 in Earth Magic
 30425 | Orc:2    | Noticed brucemayne's ghost (journeyman HOBe)
 30776 | Orc:1    | You fall through a shaft!
 31863 | Orc:2    | Found Doycsif's Book Shoppe.
 31863 | Orc:2    | Found Cuotesh's Jewellery Emporium.
 31863 | Orc:2    | Found Xubeff's Gadget Emporium.
 32003 | Orc:2    | Found Soiliph's Jewellery Shoppe.
 32230 | Orc:2    | Found a transporter.
 32239 | Orc:2    | Found a transporter.
 32441 | Orc:2    | Found a staircase to the Elven Halls.
 33230 | Spider:1 | Entered Level 1 of the Spider Nest
 33758 | Spider:1 | Reached skill level 5 in Transmutations
 34167 | Spider:1 | Reached XP level 16. HP: 78/87 MP: 21/26
 35285 | Spider:1 | Got a polished dagger
 35286 | Spider:1 | Identified the +6 dagger "Ytialoap" {speed, rC- MR+ Int+3
                  | Stlth+} (You found it on level 1 of the Spider Nest)
 36178 | Orc:2    | Bought a book of Burglary for 825 gold pieces
 36185 | Orc:2    | Learned a level 6 spell: Invisibility
 36185 | Orc:2    | Bought a book of Summonings for 770 gold pieces
 37160 | Spider:3 | Noticed Arachne
 37526 | Spider:2 | Killed Arachne
 37647 | Spider:3 | Reached skill level 19 in Stealth
 37717 | Spider:3 | Reached XP level 17. HP: 88/91 MP: 13/28
 38808 | Spider:4 | Entered Level 4 of the Spider Nest
 39723 | Spider:4 | Upgraded the game from 0.24-a0-7-g1bb0902669 to
                  | 0.24-a0-19-g0b81bb8f68
 41243 | Spider:4 | Got a gossamer rune of Zot
 41502 | Shoals:1 | Entered Level 1 of the Shoals
 41502 | Shoals:1 | Found a bloodstained altar of Trog.
 42993 | Shoals:1 | HP: 4/91 [merfolk aquamancer/torrent of water (39)]
 43010 | Lair:3   | HP: 2/91 [drowned by a water elemental (6)]
 43193 | Lair:3   | Reached skill level 20 in Stealth
 44099 | Shoals:1 | Noticed a kraken
 44309 | Shoals:1 | Reached skill level 10 in Spellcasting
 44722 | Lair:3   | Learned a level 5 spell: Summon Mana Viper
 44829 | Orc:2    | Bought the amulet "Doedaubb" {RegenMP +Fly rF+ Slay+2} for
                  | 817 gold pieces
 45510 | Shoals:1 | Upgraded the game from 0.24-a0-19-g0b81bb8f68 to
                  | 0.24-a0-27-gca774cb5d5
 47669 | Shoals:3 | Reached XP level 18. HP: 82/97 MP: 34/34
 48313 | Shoals:3 | Reached skill level 1 in Summonings
 49102 | Shoals:4 | Entered Level 4 of the Shoals
 49110 | Shoals:4 | Noticed Polyphemus
 49337 | Shoals:4 | Upgraded the game from 0.24-a0-27-gca774cb5d5 to
                  | 0.24-a0-41-gf098211c9e
 49501 | Shoals:4 | Killed from afar by a merfolk aquamancer

Vault maps used:
D:1:      scummos_arrival_checkerplants
D:3:      gammafunk_temple_overflow_wave, ebering_ghost_disaster_area,
          chequers_ecumenical_altar_simple_redux, fedhas_altar_fruit_tree
D:4:      first_ration, uniq_duvessa
D:5:      marbit_many_paths, gammafunk_temple_overflow_pools
D:6:      serial_shops, nicolae_shop_statue_plus, lightli_sewer_entry_pipes
D:7:      temple_green, grunt_ogre_cave, lemuel_flame_loot_1
D:8:      basic_altar
D:9:      lemuel_coloured_pillars_altar, due_lair_maze_entry_diamond,
          erik_orc_3, serial_shops, shop, patterned_corridor
D:10:     st_stairs_4
D:11:     serial_park, serial_park_square2, serial_park_avenue1,
          serial_park_square2
D:12:     centaur_isle
D:13:     david_vaults_1, hangedman_cracks_in_the_wall
D:14:     dk_noncrumbling_2
D:15:     gammafunk_enter_depths_forms, serial_park_tiny_2,
          minmay_quadrilaterals
Lair:1:   beast_lair_carwin_large_4, infiniplex_staircase_pool, uniq_joseph
Lair:3:   shoals_dummy_entry, spider_nest_entry_webs, grunt_megastairs_1,
          uniq_urug, uniq_nergalle
Lair:4:   serial_rivers, chequers_serial_rivers_micro_e,
          chequers_serial_rivers_small_3, chequers_serial_rivers_micro_c,
          chequers_serial_rivers_small_b, chequers_serial_rivers_small_a,
          chequers_serial_rivers_micro_e
Lair:5:   dpeg_slime_entry_corner, lemuel_fruit_tree, grunt_megastairs_3
Lair:6:   minmay_lair_end_frog_pond
Shoals:1: cheibrodos_shoals_baths, lemuel_centaur_altar
Shoals:3: portal_ice_cave_entry_ice_statue_one, nicolae_shoals_wave_tunnel
Shoals:4: shoals_end_grunt_ice, uniq_polyphemus
Spider:3: uniq_arachne
Spider:4: spider_rune_water
Orc:1:    enter_bailey_2, gammafunk_ghost_fury_of_okawaru
Orc:2:    st_orc_mages, gammafunk_ghost_arena
Sewer:    sewer_frog_island_01
Bailey:   bailey_polearm_5, bailey

Skill      XL: |  1  2  3  4  5  6  7  8  9 10 11 12 13 14 15 16 17 18 |
---------------+-------------------------------------------------------+-----
Stealth        | 5 6 7 8 10 12 14 15 17 18 19 20 | 20.6
Short Blades   | 2 3 4 5 6 8 9 10 | 10.0
Spellcasting   | 3 4 6 11 | 11.6
Hexes          | 5 8 9 10 12 | 12.0
Fighting       | 3 4 8 10 11 | 11.8
Dodging        | 8 11 12 13 15 16 17 | 17.9
Translocations | 5 8 |  8.0
Shields        | 1 6 7 |  7.2
Conjurations   | 1 5 |  5.0
Transmutations | 5 6 |  6.0
Earth Magic    | 3 4 |  4.9
Long Blades    | 4 |  4.4
Summonings     | 1 |  1.7

Action                   |  1- 3 |  4- 6 |  7- 9 | 10-12 | 13-15 | 16-18 || total
-------------------------+-------+-------+-------+-------+-------+-------++-------
Melee: Dagger            |   131 |   139 |    60 |   594 |  1882 |  1156 ||  3962
       Short sword       |       |    24 |   189 |       |       |       ||   213
       Demon blade       |       |       |       |       |    12 |   185 ||   197
 Fire: Hunting sling     |       |       |    20 |       |    11 |   146 ||   177
Throw: Stone             |       |       |       |       |     1 |       ||     1
 Cast: Corona            |     3 |       |       |       |       |       ||     3
       Ensorcelled Hiber |     6 |    15 |    52 |   134 |   238 |    84 ||   529
       Confuse           |       |    10 |     4 |    27 |   163 |   103 ||   307
       Tukima's Dance    |       |     4 |       |     2 |    10 |     2 ||    18
       Confusing Touch   |       |       |     3 |     8 |    25 |    17 ||    53
       Dazzling Spray    |       |       |       |     4 |     1 |     9 ||    14
       Invisibility      |       |       |       |       |       |    10 ||    10
       Apportation       |       |       |       |       |       |     3 ||     3
Invok: Fungal Bloom      |       |    10 |    41 |    60 |   130 |    80 ||   321
       Evolution         |       |       |    13 |     8 |    18 |    16 ||    55
 Abil: Evoke Flight      |       |       |       |       |       |     1 ||     1
Evoke: Wand              |       |       |       |     1 |     3 |       ||     4
  Use: Scroll            |     4 |     8 |    11 |    13 |    18 |     6 ||    60
       Potion            |       |     1 |       |       |     3 |     7 ||    11
 Stab: Sleeping          |    17 |    18 |    43 |    93 |   145 |    76 ||   392
       Confused          |       |     3 |     3 |    26 |   117 |    78 ||   227
       Distracted        |       |       |     1 |     2 |     7 |     2 ||    12
       Invisible         |       |       |       |     2 |       |    38 ||    40
       Petrified         |       |       |       |       |     1 |       ||     1
  Eat: Ration            |       |     3 |     4 |     6 |    13 |    13 ||    39
Armor: Robe              |     8 |     5 |    11 |       |       |       ||    24
       Steam dragon scal |       |       |    11 |    48 |   145 |   193 ||   397
Dodge: Dodged            |    93 |   105 |   241 |   584 |  1168 |  1547 ||  3738
Block: Buckler           |       |       |       |     5 |   564 |   615 ||  1184
       Rpst.: Demon blade |       |       |       |       |     1 |    33 ||    34

Table legend:
 A = Non-vault XP
 B = Vault XP
 C = Vault XP percentage of total XP
 D = Non-vault monster count
 E = Vault monster count
 F = Vault count percentage of total count
                 A         B        C        D         E       F
            +---------+---------+-------+---------+---------+-------
      Total |  172921 |   76433 |  30.7 |     766 |     315 |  29.1
            +---------+---------+-------+---------+---------+-------
        D:1 |      40 |       0 |   0.0 |      21 |       0 |   0.0
        D:2 |      46 |       0 |   0.0 |      11 |       0 |   0.0
        D:3 |     129 |     196 |  60.3 |      27 |       2 |   6.9
        D:4 |     269 |       0 |   0.0 |       8 |       0 |   0.0
        D:5 |     128 |      13 |   9.2 |       9 |       1 |  10.0
        D:6 |     513 |      35 |   6.4 |      15 |       6 |  28.6
        D:7 |     970 |     121 |  11.1 |      20 |       1 |   4.8
        D:8 |    1383 |       0 |   0.0 |      15 |       0 |   0.0
        D:9 |     911 |    1221 |  57.3 |      12 |      24 |  66.7
       D:10 |    3073 |      14 |   0.5 |      27 |       1 |   3.6
       D:11 |    1089 |       0 |   0.0 |      27 |       0 |   0.0
       D:12 |    3814 |    1728 |  31.2 |      33 |       6 |  15.4
       D:13 |    7077 |    6683 |  48.6 |      50 |      18 |  26.5
       D:14 |   12182 |       0 |   0.0 |      36 |       0 |   0.0
       D:15 |   12611 |    5071 |  28.7 |      32 |      13 |  28.9
     Lair:1 |    3791 |    2965 |  43.9 |      23 |      15 |  39.5
     Lair:2 |    5654 |       0 |   0.0 |      21 |       0 |   0.0
     Lair:3 |    8966 |    3100 |  25.7 |      30 |       6 |  16.7
     Lair:4 |    5490 |       0 |   0.0 |      23 |       0 |   0.0
     Lair:5 |    4133 |     590 |  12.5 |      14 |       4 |  22.2
     Lair:6 |    7036 |   11213 |  61.4 |      29 |      49 |  62.8
   Shoals:1 |   14372 |    1782 |  11.0 |      30 |       8 |  21.1
   Shoals:2 |   13066 |       0 |   0.0 |      27 |       0 |   0.0
   Shoals:3 |   10635 |    2604 |  19.7 |      22 |       7 |  24.1
   Shoals:4 |    1570 |    4819 |  75.4 |       4 |       6 |  60.0
   Spider:1 |   17365 |       0 |   0.0 |      56 |       0 |   0.0
   Spider:2 |   10031 |    3565 |  26.2 |      29 |       1 |   3.3
   Spider:3 |    9854 |       0 |   0.0 |      31 |       0 |   0.0
   Spider:4 |   10634 |   23674 |  69.0 |      25 |      47 |  65.3
      Orc:1 |    2695 |    1311 |  32.7 |      40 |      12 |  23.1
      Orc:2 |    3394 |    3666 |  51.9 |      19 |      31 |  62.0
      Sewer |       0 |     224 | 100.0 |       0 |      17 | 100.0
     Bailey |       0 |    1838 | 100.0 |       0 |      40 | 100.0
            +---------+---------+-------+---------+---------+-------
